 Dungeon Crawl Stone Soup version 0.22-b1-59-g0aedee734a (webtiles) character file.

59325 Pisosu the Severer (level 14, -2/135 HPs)
             Began as a Minotaur Berserker on Aug 9, 2018.
             Was the Champion of Trog.
             Slain by an anaconda (15 damage)
             ... on level 2 of the Snake Pit.
             The game lasted 01:44:40 (24945 turns).

Pisosu the Severer (Minotaur Berserker)            Turns: 24945, Time: 01:44:41

Health: -2/135     AC: 24    Str: 27    XL:     14   Next: 52%
Magic:  4/4        EV:  9    Int:  4    God:    Trog [******]
Gold:   1914       SH:  0    Dex: 10    Spells: 13/13 levels left

rFire    . . .     SeeInvis .   a - +9 executioner's axe (antimagic)
rCold    . . .     Gourm    .   (shield currently unavailable)
rNeg     . . .     Faith    .   X - +3 plate armour
rPois    .         Spirit   .   (helmet restricted)
rElec    .         Reflect  .   D - +1 cloak
rCorr    .         Harm     +   (no gloves)
MR       +++..                  (no boots)
Stlth    ..........             w - amulet of harm
HPRegen  1.32/turn              j - +3 ring of evasion
MPRegen  0.09/turn              Q - +3 ring of protection

@: lethally poisoned (-2 -> -41), berserk cooldown, regenerating, slowed,
constricted, very slow
A: retaliatory headbutt, horns 2
a: Berserk, Trog's Hand, Brothers in Arms, Renounce Religion


You were on level 2 of the Snake Pit.
You worshipped Trog.
Trog was exalted by your worship.
You were not hungry.

You visited 4 branches of the dungeon, and saw 19 of its levels.

You collected 2237 gold pieces.
You spent 323 gold pieces at shops.

Inventory:

Hand Weapons
 a - a +9 antimagic executioner's axe (weapon)
 R - a +0 arbalest
 S - a +3 battleaxe of freezing
 W - a +2 broad axe of flaming
Missiles
 i - 25 poisoned needles
 n - 189 bolts
 A - 2 exploding tomahawks (quivered)
 I - 3 throwing nets
 M - 7 curare-tipped needles
 N - 8 javelins of penetration
Armour
 q - a +0 leather armour of poison resistance
 B - the +0 scale mail "Bociug" {rF+ Str+2}
   (You took it off an orc on level 5 of the Dungeon)

   It affects your strength (+2).
   It protects you from fire.
 D - a +1 cloak (worn)
 J - the +1 robe "Muudoguk" {+Fly rElec rC+++ Str-3}
   (You found it on level 10 of the Dungeon)

   It affects your strength (-3).
   It renders you almost immune to cold.
   It insulates you from electricity.
   It lets you fly.
 K - a +2 leather armour of positive energy
 X - a +3 plate armour (worn)
Jewellery
 j - a +3 ring of evasion (left hand)
 l - an uncursed ring of ice
 t - an uncursed ring of fire
 w - an amulet of harm (around neck)
 L - an uncursed ring of positive energy
 Q - a +3 ring of protection (right hand)
 T - an uncursed ring of flight
 V - an uncursed amulet of regeneration {unknown}
Wands
 s - a wand of disintegration (25)
 v - a wand of flame (42)
 E - a wand of random effects (13)
 Z - a wand of paralysis (9)
Scrolls
 b - 2 scrolls of fog
 f - 6 scrolls of enchant armour
 g - a scroll of enchant weapon
 k - 2 scrolls of immolation
 p - 5 scrolls of remove curse
 x - 3 scrolls of magic mapping
 y - a scroll of teleportation
 C - 2 scrolls of fear
 O - a scroll of silence
 U - a scroll of acquirement
 Y - a scroll of brand weapon
Potions
 d - a potion of cancellation
 e - 3 potions of haste
 h - 6 potions of curing
 m - a potion of might
 o - 4 potions of flight
 r - a potion of ambrosia
 z - 2 potions of heal wounds
 F - a potion of resistance
 G - 3 potions of agility
Miscellaneous
 u - a lamp of fire
 H - a box of beasts
 P - a lightning rod (4/4)
Comestibles
 c - 32 rations


   Skills:
 + Level 15.3 Fighting
 + Level 20.7 Axes
   Level 0.3 Slings
 + Level 13.6 Armour
 - Level 2.1 Dodging
 - Level 1.6 Evocations


You had 13 spell levels left.
You didn't know any spells.
Your spell library was empty.

Dungeon Overview and Level Annotations

Branches:
Dungeon (11/15)            Temple (0/1) D:5            Lair (4/6) D:11
  Swamp (0/4) Lair:2        Snake (2/4) Lair:2          Orc (2/2) D:9
    Elf: Orc:2

Altars:
Ashenzari
Dithmenos
Gozag
Hepliaklqana
Kikubaaqudgha
Makhleb
Okawaru
Sif Muna
Trog
Uskayaw
Vehumet
Wu Jian
Xom
Zin
The Shining One

Shops:
D:4 %   D:6 *   Orc:1 ?[[

Portals:
Bazaar: Snake:2
Trove: D:10 (give +2 gold dragon scales)


Innate Abilities, Weirdness & Mutations

You reflexively headbutt those who attack you in melee.
You have a pair of horns on your head.


Message History

You are more poisoned.
The black mamba poisons you!
The anaconda bites you but does no damage.
The anaconda constricts you. The black mamba bites you!
* * * LOW HITPOINT WARNING * * *
The naga ritualist gestures wildly while chanting.
The naga ritualist begins to radiate toxic energy.
The black mamba barely misses you. The anaconda bites you.
* * * LOW HITPOINT WARNING * * *
x2 The anaconda constricts you.
The black mamba barely misses you. You furiously retaliate!
You headbutt the black mamba!
You kill the black mamba!
Trog accepts your kill. The black mamba bites you!
* * * LOW HITPOINT WARNING * * *
You are more poisoned.
The black mamba poisons you!
The naga ritualist points at you and mumbles some strange words.
The lance of force misses you. The anaconda bites you!
You die...

# #
≈≈≈.≈≈<
#.#####∩#
≈≈≈.≈≈.
#.#...#.#
#≈≈.≈≈.
.^.....
#;.≈≈.
#)..#
#.≈≈.
#.@S#
##.≈≈.
#NS.#
#≈.≈≈≈
#...#
#.≈≈≈
#...#
#.≈≈#
#####
#....
#....
#....
#.### #.
#


You could see an anaconda, a naga ritualist and a black mamba.

Vanquished Creatures
  2 nagarajas
  A stone giant (Orc:1)
  Josephine (Orc:2)
  A naga warrior (Snake:1)
  Fannar (Orc:1)
  A hydra (Lair:1)
  2 anacondas (Snake:1)
  6 death yaks (Lair:4)
  3 two-headed ogres
  A catoblepas (D:11)
  4 orc high priests
  3 naga sharpshooters (Snake:1)
  Sonja (Orc:2)
  3 orc sorcerers
  2 orc knights
  A manticore (D:11)
  A deep elf mage (D:10)
  2 salamanders
  A cyclops (D:11)
  8 black mambas
  Joseph (D:9)
  13 elephants
  4 naga magi (Snake:1)
  3 spiny frogs
  A komodo dragon (Lair:2)
  A rime drake (Lair:3)
  6 trolls
  2 queen bees
  A polar bear (Lair:3)
  Grinder (D:3)
  Prince Ribbit (D:5)
  5 blink frogs (Lair:3)
  3 hippogriffs
  19 yaks
  A shadow (D:11)
  4 wraiths
  A human (D:7)
  6 wyverns
  4 hogs (D:7)
  4 basilisks
  A hungry ghost (D:10)
  2 steam dragons
  Grum (D:8)
  3 vampire mosquitoes (Lair:2)
  2 wargs
  Menkaure (D:5)
  12 water moccasins
  18 nagas
  6 porcupines
  20 orc warriors
  2 sky beasts
  2 phantoms
  A black bear (Lair:1)
  An eye of draining (D:10)
  An ice beast (D:8)
  An eye of draining (shapeshifter) (D:8)
  A necrophage (D:10)
  8 ogres
  16 wolves
  5 centaurs
  8 crocodiles
  10 bullfrogs
  54 killer bees
  5 scorpions
  8 wights
  A howler monkey (D:8)
  6 electric eels (D:8)
  4 crimson imps
  A quasit (D:9)
  13 orc priests
  5 hounds
  A bullfrog skeleton (D:6)
  2 centaur skeletons
  5 jellies
  4 iguanas
  Natasha (thrice) (D:3)
  16 orc wizards
  16 worker ants
  Ijyb (D:5)
  A killer bee zombie (D:10)
  A hound zombie (D:3)
  A howler monkey zombie (D:5)
  2 worker ant zombies
  11 gnolls
  A howler monkey skeleton (D:5)
  11 adders
  3 shadow imps
  An ooze (D:5)
  2 adder skeletons
  An adder zombie (D:6)
  6 worms
  2 dart slugs
  3 leopard geckos
  76 orcs
  6 giant cockroaches
  8 goblins
  7 hobgoblins
  5 jackals (D:2)
  5 quokkas
  2 ball pythons
  8 bats
  4 kobolds
  A quokka zombie (D:7)
  6 rats
  A fungus (Lair:3)
  7 plants
575 creatures vanquished.

Vanquished Creatures (others)
  2 orc priests (Orc:2)
  An orc wizard (Orc:2)
  An orc (Orc:2)
  A bush (Lair:4)
  3 fungi
  5 plants
13 creatures vanquished.

Grand Total: 588 creatures vanquished

Notes
Turn   | Place    | Note
-------+----------+-------------------------------------------
     0 | D:1      | Pisosu the Minotaur Berserker began the quest for the Orb.
     0 | D:1      | Reached XP level 1. HP: 19/19 MP: 0/0
   194 | D:1      | Reached skill level 4 in Axes
   194 | D:1      | Reached XP level 2. HP: 23/27 MP: 1/1
   572 | D:2      | Reached XP level 3. HP: 18/34 MP: 2/2
  1080 | D:2      | Found a radiant altar of Vehumet.
  1189 | D:2      | Reached ** piety under Trog
  1189 | D:2      | Reached XP level 4. HP: 41/41 MP: 3/3
  1283 | D:3      | Noticed a phantom
  1295 | D:3      | Reached skill level 5 in Axes
  1333 | D:3      | Killed a phantom
  1333 | D:3      | Reached skill level 5 in Fighting
  1333 | D:3      | Reached XP level 5. HP: 22/48 MP: 4/4
  1563 | D:3      | Noticed Natasha
  1572 | D:3      | Killed Natasha
  1572 | D:3      | Reached skill level 6 in Axes
  1981 | D:3      | Noticed Natasha
  1987 | D:3      | Killed Natasha
  1987 | D:3      | Reached XP level 6. HP: 51/56 MP: 5/5
  2106 | D:3      | Noticed Grinder
  2117 | D:3      | Paralysed by Grinder for 6 turns
  2285 | D:3      | Killed Grinder
  2285 | D:3      | Reached skill level 7 in Axes
  2311 | D:3      | Noticed Natasha
  2315 | D:3      | Killed Natasha
  2442 | D:3      | Reached XP level 7. HP: 63/63 MP: 6/6
  2946 | D:4      | Found Oquo's Food Emporium.
  2998 | D:4      | Reached *** piety under Trog
  3223 | D:4      | Reached skill level 8 in Axes
  3735 | D:5      | Entered Level 5 of the Dungeon
  3735 | D:5      | Found a staircase to the Ecumenical Temple.
  3829 | D:5      | Noticed Ijyb
  3838 | D:5      | Killed Ijyb
  3851 | D:5      | Reached skill level 5 in Armour
  4041 | D:5      | Reached XP level 8. HP: 73/73 MP: 7/7
  4159 | D:5      | Reached skill level 9 in Axes
  4159 | D:5      | Noticed Prince Ribbit
  4172 | D:5      | Killed Prince Ribbit
  4562 | D:5      | Found an ancient bone altar of Kikubaaqudgha.
  4573 | D:5      | Got a twisted scale mail
  4584 | D:5      | Identified the cursed +0 scale mail "Bociug" {rF+ Str+2} (You took it off an orc on level 5 of the Dungeon)
  4586 | D:5      | Noticed Menkaure
  4594 | D:5      | Killed Menkaure
  4594 | D:5      | Reached skill level 10 in Axes
  4600 | D:5      | Found an opulent altar of Gozag.
  4777 | D:5      | Found an iron altar of Okawaru.
  4777 | D:5      | Found a shattered altar of Ashenzari.
  4779 | D:5      | Found a shimmering altar of Xom.
  4779 | D:5      | Found a glowing silver altar of Zin.
  4848 | D:5      | Found a deep blue altar of Sif Muna.
  4850 | D:5      | Found a glowing golden altar of the Shining One.
  4855 | D:5      | Found a hide-covered altar of Uskayaw.
  4857 | D:5      | Found a burning altar of Makhleb.
  4927 | D:6      | Reached **** piety under Trog
  5459 | D:6      | Reached XP level 9. HP: 74/82 MP: 8/8
  5485 | D:6      | Found Yffebuj's General Store.
  5494 | D:6      | Bought a scroll of identify for 26 gold pieces
  5687 | D:6      | Reached skill level 11 in Axes
  6229 | D:7      | Noticed a two-headed ogre
  6248 | D:7      | Killed a two-headed ogre
  6248 | D:7      | Reached skill level 12 in Axes
  6695 | D:7      | Reached XP level 10. HP: 52/92 MP: 9/9
  7168 | D:8      | Found a hazy altar of Hepliaklqana.
  7468 | D:8      | Reached skill level 13 in Axes
  7608 | D:8      | Reached ***** piety under Trog
  7641 | D:8      | Noticed Grum
  7664 | D:8      | Killed Grum
  7665 | D:8      | Reached skill level 10 in Fighting
  8150 | D:8      | Found a bloodstained altar of Trog.
  8185 | D:8      | Noticed a harpy
  8185 | D:8      | a tarantella changed into a harpy
  8186 | D:8      | a harpy changed into a polar bear
  8928 | D:9      | Noticed Joseph
  8954 | D:10     | Entered Level 10 of the Dungeon
  8981 | D:9      | Killed Joseph
  8981 | D:9      | Reached skill level 1 in Evocations
  9648 | D:10     | Reached skill level 14 in Axes
  9702 | D:10     | Got a heavy robe
  9714 | D:10     | Identified the cursed +1 robe "Muudoguk" {+Fly rElec rC+++ Str-3} (You found it on level 10 of the Dungeon)
  9837 | D:10     | Noticed a deep elf mage
  9857 | D:9      | Reached XP level 11. HP: 81/101 MP: 11/11
  9971 | D:9      | Found a staircase to the Orcish Mines.
 10061 | Orc:1    | Entered Level 1 of the Orcish Mines
 10070 | D:9      | Received a gift from Trog
 10219 | D:9      | Reached skill level 10 in Armour
 10498 | D:9      | Found an ornate altar of the Wu Jian Council.
 10892 | D:10     | Killed a deep elf mage
 11097 | D:10     | Found a portal to a secret trove of treasure.
 11345 | Orc:1    | Noticed an orc knight
 11360 | D:9      | Killed an orc knight
 11360 | D:9      | Reached skill level 15 in Axes
 11453 | Orc:1    | Noticed Fannar
 11455 | Orc:1    | Noticed a two-headed ogre
 11456 | Orc:1    | Found Lothazim's Magic Scroll Boutique.
 11466 | Orc:1    | Killed a two-headed ogre
 11470 | Orc:1    | Killed Fannar
 11491 | Orc:1    | Noticed an orc high priest
 11492 | Orc:1    | Noticed a sixfirhy
 11498 | Orc:1    | Found Ymmudgh's Armour Shoppe.
 11745 | Orc:1    | Noticed a sun demon
 11930 | Orc:1    | Received a gift from Trog
 11941 | Orc:1    | Killed an orc high priest
 11967 | Orc:2    | Entered Level 2 of the Orcish Mines
 12076 | Orc:2    | Noticed an orc high priest
 12147 | Orc:2    | Noticed a two-headed ogre
 12166 | Orc:2    | Noticed a soul eater
 12168 | Orc:1    | Killed a two-headed ogre
 12168 | Orc:1    | Reached skill level 16 in Axes
 12477 | Orc:1    | Killed an orc high priest
 12676 | Orc:2    | Received a gift from Trog
 12676 | Orc:2    | Reached XP level 12. HP: 112/112 MP: 12/12
 12710 | Orc:2    | Noticed Sonja
 12994 | Orc:1    | Bought a scroll of identify for 34 gold pieces
 12994 | Orc:1    | Bought a scroll of teleportation for 51 gold pieces
 12994 | Orc:1    | Bought a scroll of identify for 34 gold pieces
 12994 | Orc:1    | Bought a scroll of enchant armour for 127 gold pieces
 12994 | Orc:1    | Bought a scroll of teleportation for 51 gold pieces
 13041 | Orc:1    | Found Ethush's Armour Boutique.
 13295 | Orc:2    | Noticed a stone giant
 13927 | Orc:1    | Killed a stone giant
 14203 | Orc:2    | Killed Sonja
 14324 | Orc:2    | Paralysed by an orc sorcerer for 5 turns
 14635 | Orc:2    | Identified a scroll of acquirement
 14952 | Orc:2    | Noticed Josephine
 14962 | Orc:2    | Killed Josephine
 15109 | Orc:2    | Reached skill level 17 in Axes
 15668 | Orc:2    | Noticed an orc high priest
 16011 | Orc:2    | Killed an orc high priest
 16042 | Orc:2    | Noticed an orc high priest
 16269 | Orc:1    | Killed an orc high priest
 16412 | Orc:2    | Paralysed by an orc sorcerer for 2 turns
 16572 | Orc:2    | Noticed an orc high priest
 17347 | D:11     | Found a shadowy altar of Dithmenos.
 17370 | D:11     | Noticed a catoblepas
 17389 | D:11     | Killed a catoblepas
 17763 | D:11     | Reached skill level 18 in Axes
 17955 | D:11     | Found a staircase to the Lair.
 18032 | Lair:1   | Entered Level 1 of the Lair of Beasts
 18888 | Lair:2   | Reached XP level 13. HP: 109/122 MP: 13/13
 18997 | Lair:1   | Received a gift from Trog
 19260 | Lair:2   | Found a staircase to the Snake Pit.
 20041 | Lair:4   | Reached skill level 19 in Axes
 20909 | Lair:3   | Reached ****** piety under Trog
 21027 | Lair:3   | Received a gift from Trog
 21164 | Lair:3   | Got a topaz-encrusted scale mail
 21192 | Lair:3   | Reached XP level 14. HP: 125/133 MP: 4/14
 21366 | Lair:3   | Reached skill level 20 in Axes
 21626 | Lair:2   | Found a staircase to the Swamp.
 22422 | Snake:1  | Entered Level 1 of the Snake Pit
 23080 | Snake:1  | Noticed a nagaraja
 23581 | Snake:1  | Reached skill level 15 in Fighting
 23708 | Snake:1  | Identified the +4 scale mail of the Hart {rF- Str+8} (You found it on level 3 of the Lair of Beasts)
 24406 | Snake:1  | Killed a nagaraja
 24903 | Snake:2  | Noticed a nagaraja
 24927 | Snake:2  | Killed a nagaraja
 24943 | Snake:2  | Found a flickering gateway to a bazaar.
 24945 | Snake:2  | Slain by an anaconda

Skill      XL: |  1  2  3  4  5  6  7  8  9 10 11 12 13 14 |
---------------+-------------------------------------------+-----
Axes           | 4 5 6 7 8 10 12 14 16 18 19 20 | 20.7
Fighting       | 4 5 6 7 8 9 10 12 13 14 15 | 15.3
Armour         | 3 4 5 6 7 9 11 12 13 | 13.6
Evocations     | 1 |  1.6
Slings         | |  0.3
Dodging        | |  2.1

Action                   |  1- 3 |  4- 6 |  7- 9 | 10-12 | 13-15 || total
-------------------------+-------+-------+-------+-------+-------++-------
Melee: Hand axe          |    54 |    81 |   258 |   105 |       ||   498
       Headbutt          |     9 |    14 |    66 |   118 |    71 ||   278
       War axe           |       |       |    45 |   120 |       ||   165
       Battleaxe         |       |       |       |   337 |     3 ||   340
       Executioner's axe |       |       |       |       |   383 ||   383
 Fire: Hunting sling     |    13 |    22 |     9 |       |       ||    44
       Arbalest          |       |       |       |     3 |     4 ||     7
Throw: Tomahawk          |       |     8 |     4 |    57 |     5 ||    74
       Javelin           |       |       |       |     7 |       ||     7
Invok: Berserk           |       |     1 |     6 |     8 |     3 ||    18
       Trog's Hand       |       |       |     1 |     5 |     2 ||     8
Evoke: Wand              |       |       |       |    16 |    10 ||    26
  Use: Scroll            |       |       |     7 |    20 |    11 ||    38
       Potion            |       |       |       |     1 |     1 ||     2
 Stab: Sleeping          |       |       |     1 |       |       ||     1
       Distracted        |       |       |       |       |     1 ||     1
  Eat: Chunk             |     1 |     1 |    19 |    31 |     7 ||    59
       Ration            |       |     1 |       |     6 |     4 ||    11
Armor: Animal skin       |    13 |       |       |       |       ||    13
       Ring mail         |       |    10 |       |       |       ||    10
       Leather armour    |       |    10 |    14 |    21 |       ||    45
       Scale mail        |       |       |    29 |    97 |       ||   126
       Plate armour      |       |       |       |   120 |   288 ||   408
Dodge: Dodged            |    43 |    45 |   174 |   377 |   215 ||   854
